 Dungeon Crawl Stone Soup version 0.17.0-18-gaab0e96 (webtiles) character file.

170 JudasIscariot the Sneak (level 5, -7/32 HPs)
             Began as a Kobold Assassin on Nov 11, 2015.
             Was a Follower of Dithmenos.
             Mangled by a river rat (10 damage)
             ... on level 3 of the Dungeon.
             The game lasted 00:09:11 (2907 turns).

JudasIscariot the Sneak (Kobold Assassin)           Turns: 2907, Time: 00:09:12

Health: -7/32      AC:  3    Str: 10    XL:     5   Next: 80%
Magic:  5/5        EV: 16    Int:  9    God:    Dithmenos [*.....]
Gold:   282        SH:  0    Dex: 18    Spells: 0 memorised, 4 levels left

rFire  x . .     SeeInvis .     a - +2 dagger
rCold  + . .     Clarity  +     n - +0 robe {MR+}
rNeg   . . .     SustAt   .     (shield restricted)
rPois  .         Gourm    .     (no helmet)
rElec  .         Spirit   .     d - +0 cloak
rCorr  .         Warding  .     (no gloves)
rMut   .         Stasis   .     (no boots)
MR     +....                    m - amulet of clarity
Stlth  +++++.....               (no ring)
                                w - ring of ice

@: very slightly contaminated, hasted, wreathed by umbra, very quick, somewhat
resistant to hostile enchantments, quite stealthy
A: carnivore 3
a: Renounce Religion


You were on level 3 of the Dungeon.
You worshipped Dithmenos.
Dithmenos was aware of your devotion.
You were very full.

You visited 1 branch of the dungeon, and saw 3 of its levels.

You collected 282 gold pieces.

Inventory:

Hand Weapons
 a - a +2 dagger (weapon)
 b - a +0 blowgun
Missiles
 e - 13 poisoned needles
 f - 2 curare-tipped needles
Armour
 c - a +0 robe
 d - a +0 cloak (worn)
 n - a +0 robe of magic resistance (worn)
Jewellery
 m - an amulet of clarity (around neck)
 q - an uncursed amulet of rage
 w - a ring of ice (left hand)
Scrolls
 p - 2 scrolls of magic mapping {unknown}
 r - a scroll of recharging {unknown}
 s - 2 scrolls of fog {unknown}
 t - 2 scrolls of identify {unknown}
 v - 2 scrolls of remove curse
 x - a scroll of enchant armour {unknown}
 y - a scroll of immolation {unknown}
Potions
 i - a potion of haste
 j - 2 potions of curing {unknown}
 o - a potion of cancellation {unknown}
 u - a potion of magic {unknown}
 z - a potion of heal wounds {unknown}
 A - a potion of invisibility {unknown}
Comestibles
 g - 2 meat rations
 h - 7 chunks of flesh
 k - 2 slices of pizza
 l - a beef jerky


   Skills:
 * Level 2.9 Fighting
 * Level 3.6 Short Blades
 + Level 2.1 Throwing
 * Level 3.5 Dodging
 * Level 7.2 Stealth


You had 4 spell levels left.
You didn't know any spells.

Dungeon Overview and Level Annotations

Branches:
Dungeon (3/15)

Altars:
Dithmenos
Okawaru


Innate Abilities, Weirdness & Mutations

You are small and have problems with some larger weapons.
You are carnivorous and can eat meat at any time.


Message History

You are very lightly contaminated with residual magic.
You closely miss the river rat.
The river rat is severely wounded.
You hit the river rat.
The river rat is almost dead.
The river rat barely misses you.
You barely miss the river rat.
The river rat is almost dead.
You hit the river rat but do no damage.
The river rat is almost dead.
The river rat completely misses you.
You closely miss the river rat.
The river rat is almost dead.
The river rat misses you.
You closely miss the river rat.
The river rat is almost dead.
You hit the river rat.
The river rat is almost dead.
The river rat bites you!
You die...

#########
##≈.≈≈≈≈≈##
#≈#######≈#
#≈# #@# ##
#≈# #r#
.##### #≈#
#†# .'...#
#≈# #.#
.###.###≈#
#.#
......##≈#
#≈#
########≈##
≈##
.......##.# #
.....#.##.###


You could see a river rat.

Vanquished Creatures
  Crazy Yiuf (D:2)
  7 adders
  A river rat (D:3)
  An ooze (D:1)
  2 worms
  2 giant geckos (D:3)
  4 giant cockroaches
  10 goblins
  2 hobgoblins (D:1)
  A jackal (D:3)
  14 kobolds
  A ball python (D:2)
  9 bats
  A giant newt (D:2)
  4 rats
60 creatures vanquished.

Notes
Turn   | Place    | Note
--------------------------------------------------------------
     0 | D:1      | JudasIscariot the Kobold Assassin began the quest for the Orb.
     0 | D:1      | Reached XP level 1. HP: 12/12 MP: 1/1
   396 | D:1      | Reached XP level 2. HP: 17/17 MP: 2/2
   732 | D:1      | Reached skill level 6 in Stealth
   732 | D:1      | Reached XP level 3. HP: 21/21 MP: 3/3
  1149 | D:2      | Found a shadowy altar of Dithmenos.
  1153 | D:2      | Became a worshipper of Dithmenos the Shadowed
  1345 | D:2      | Reached XP level 4. HP: 14/27 MP: 4/4
  1646 | D:2      | Found an iron altar of Okawaru.
  1761 | D:2      | Noticed Crazy Yiuf
  1774 | D:2      | Killed Crazy Yiuf
  1774 | D:2      | Reached skill level 7 in Stealth
  1774 | D:2      | Reached XP level 5. HP: 11/31 MP: 5/5
  2877 | D:3      | Reached * piety under Dithmenos
  2907 | D:3      | Mangled by a river rat

Action                   |  1- 3 |  4- 6 || total
-------------------------+-------+-------++-------
Melee: Dagger            |    94 |   161 ||   255
 Abil: Evoke Berserk Rag |       |     1 ||     1
  Use: Scroll            |       |     2 ||     2
       Potion            |       |     1 ||     1
 Stab: Sleeping          |    10 |     8 ||    18
  Eat: Chunk             |    10 |     4 ||    14
